 Dungeon Crawl Stone Soup version 0.32-a0-995-gb4a59205af (webtiles) character file.

Game seed: 7593259835812087682

30 protoss039 the Digger (level 3, 26/26 HPs)
             Began as a Demonspawn Earth Elementalist on Apr 22, 2024.
             Got out of the dungeon alive.
             The game lasted 00:01:09 (875 turns).

protoss039 the Digger (DsEE)                         Turns: 875, Time: 00:01:10

Health: 26/26      AC:  7    Str:  8    XL:     3   Next: 3%
Magic:  6/6        EV:  9    Int: 17    God:
Gold:   32         SH:  0    Dex: 13    Spells: 5/6 levels left

rFire   . . .        f - +0 dagger
rCold   . . .        (no shield)
rNeg    . . .        k - +0 ring mail
rPois   .            j - +0 helmet
rElec   .            (no cloak)
rCorr   .            (no gloves)
SInv    .            i - +0 pair of boots
Will    .....        (no amulet)
Stlth   +            (no ring)
HPRegen 0.24/turn    (no ring)
MPRegen 0.10/turn

%: no passive effects
@: no status effects
A: hooves 1, spiny 1
a: no special abilities


You escaped.
You visited 1 branch of the dungeon, and saw 1 of its levels.

You collected 32 gold pieces.

Inventory:

Hand Weapons
 f - a +0 dagger (weapon)
Armour
 a - a +0 robe
 i - a +0 pair of boots (worn)
 j - a +0 helmet (worn)
 k - a +0 ring mail (worn)
Scrolls
 c - 3 scrolls of identify {unknown}
 d - a scroll of teleportation {unknown}
 e - a scroll of brand weapon {unknown}
 g - 2 scrolls of vulnerability {unknown}
Potions
 b - a potion of magic
 h - a potion of degeneration {unknown}


   Skills:
 + Level 1.4 Fighting
 - Level 1.7 Dodging
 - Level 1.7 Stealth
 + Level 2.4 Spellcasting
 - Level 1.0 Conjurations
 + Level 3.1 Earth Magic


You had 5 spell levels left.
You knew the following spells:

 Your Spells              Type           Power      Damage    Failure   Level
a - Sandblast             Erth           24%        2d8       16%         1

Your spell library contained the following spells:

 Spells                   Type           Power      Damage    Failure   Level
 Sting                    Conj/Alch      12%        1d3       43%         1
 Passwall                 Erth           12%        N/A       43%         3
 Stone Arrow              Conj/Erth      18%        3d8       58%         3
 Mercury Vapours          Alch/Air       4%         N/A       65%         2
 Brom's Barrelling Bould  Conj/Erth      9%         2d3       94%         4
 Petrify                  Alch/Erth      7%         N/A       96%         4
 Olgreb's Toxic Radiance  Alch           2%         N/A       99%         4


Dungeon Overview and Level Annotations

Branches:
Dungeon (1/15) Zot: 5112

Altars:

Annotations:
D:1 2 transporters


Innate Abilities, Weirdness & Mutations

You have large cloven feet.
You are partially covered in sharp spines.


Message History

You are very lightly contaminated with residual magic.
Nothing appears to happen.
Unknown command.
Casting: Sandblast (safe; 19% risk of failure)
Confirm with . or Enter, or press ? or * to list all spells.
Aiming: Sandblast (safe; 19% risk of failure)
Press: ? - help, Shift-Dir - straight line, f/p - quokka
Aim: a quokka (75% to hit)
The blast of sand hits the bat!
You kill the bat!
The quokka closely misses you.
You have reached level 3!
Your experience leads to an increase in your attributes!
Increase (S)trength, (I)ntelligence, or (D)exterity?
You feel clever. x2; Your demonic ancestry asserts itself...
Sharp spines emerge from parts of your body.
Unknown command.
Casting: Sandblast (safe; 16% risk of failure)
Confirm with . or Enter, or press ? or * to list all spells.
Aiming: Sandblast (safe; 16% risk of failure)
Press: ? - help, Shift-Dir - straight line, f/p - quokka
Aim: a quokka (75% to hit)
The blast of sand hits the quokka.
The quokka is heavily wounded.
The quokka bites you but does no damage.
Unknown command.
You completely miss the quokka.
The quokka is heavily wounded.
The quokka is struck by your spines.
You kill the quokka!
Casting: Sandblast (safe; 16% risk of failure)
Confirm with . or Enter, or press ? or * to list all spells.
Aiming: Sandblast (safe; 16% risk of failure)
Press: ? - help, Shift-Dir - straight line, f - you That would be overly suicidal.
Okay, then.
Unknown command.
Your magical contamination has completely faded away.
There is a staircase leading out of the dungeon here.
You have escaped!

##. ≈≈≈≈≈≈~## ####≈≈≈≈≈~~~≈≈≈~#
#############~≈~≈≈≈≈≈~.~≈≈≈≈#
............≈≈≈≈≈≈≈≈~.©.~.≈~#####
#######....≈≈≈≈≈≈≈≈≈~⌠>..≈.~.....
#.###≈≈≈≈~~≈≈≈~.©.~≈≈..####
##.###~≈≈~~.~~≈~~.~≈≈≈≈## #
#......≈≈~.©.~≈≈~~≈≈≈≈~# #
#..###~.≈..@⌠~≈≈≈≈≈≈≈≈≈# # #..#
#≈≈.~.©.~≈≈≈≈≈≈≈~.##### #..#
#≈≈≈≈~.~~≈≈≈≈≈≈~#...... ######.)#
#≈≈≈≈≈~~≈≈~≈≈#####.....
........####~≈≈≈≈≈≈≈#### #.....
#.#####............## #.###. ...#
##.###.###.### #.###. ##'# #.#
#'# #.# #..... ##.##
##.###.###.###### ###...


There were no monsters in sight!

Vanquished Creatures
  2 dart slugs (D:1)
  A ball python (D:1)
  3 endoplasms (D:1)
  3 goblins (D:1)
  4 jackals (D:1)
  A quokka (D:1)
  3 bats (D:1)
  2 frilled lizards (D:1)
  2 kobolds (D:1)
  3 rats (D:1)
24 creatures vanquished.

Notes
Turn   | Place    | Note
-------+----------+-------------------------------------------
     0 | D:1      | protoss039 the Demonspawn Earth Elementalist began the
                  | quest for the Orb.
     0 | D:1      | Reached XP level 1. HP: 13/13 MP: 3/3
   245 | D:1      | Gained mutation: You have large cloven feet. [demonic
                  | ancestry]
   245 | D:1      | Reached XP level 2. HP: 20/20 MP: 5/5
   443 | D:1      | Reached skill level 1 in Fighting
   499 | D:1      | Reached skill level 3 in Earth Magic
   827 | D:1      | Gained mutation: You are partially covered in sharp spines.
                  | [demonic ancestry]
   827 | D:1      | Reached XP level 3. HP: 26/26 MP: 3/6
   875 | D:$      | Got out of the dungeon alive.

Illustrated notes

Levels and vault maps discovered:
D:1:      spicycebolla_arrival_transporter_tutorial, layout_loops_ring,
          nicolae_hexahallways, minmay_rat_gold_closets

Skill      XL: |  1  2 |
---------------+-------+-----
Fighting       | 1 |  1.4
Earth Magic    | 3 |  3.1
Dodging        | |  1.7
Stealth        | |  1.7
Spellcasting   | |  2.4
Conjurations   | |  1.0

Action                     || total
---------------------------++-------
  Melee: Unarmed           ||    16
         Dagger            ||    17
         Kick              ||     4
   Cast: Sandblast         ||    24
   Stab: Sleeping          ||     2
 Armour: Robe              ||    21
         Ring mail         ||     1
  Dodge: Dodged            ||    27

Table legend: (Time is in decaauts)
 A = Elapsed time spent in this place.
 B = Non-inter-level travel time spent in this place.
 C = Inter-level travel time spent in this place.
 D = Time resting spent in this place.
 E = Time spent auto-exploring this place.
 F = Levels seen in this place.
 G = Mean time per level.
                   A        B        C        D        E       F      G
               +--------+--------+--------+--------+--------+-----+--------+
         Total |    887 |    827 |     60 |     51 |    600 |   1 |  887.0 |
       Dungeon |    887 |    827 |     60 |     51 |    600 |   1 |  887.0 |
               +--------+--------+--------+--------+--------+-----+--------+

Top non-repeatable levels by time:
     D:1: 887 daAuts
